 Dungeon Crawl Stone Soup version 0.28.0-53-g5a82cb258f (webtiles) character file.

Game seed: 1196435432840908743

63 LynnLen the Vexing (level 3, 0/19 HPs)
             Began as a Vampire Enchanter on Aug 16, 2022.
             Slain by an adder (2 damage)
             ... on level 2 of the Dungeon.
             The game lasted 00:05:47 (2294 turns).

LynnLen the Vexing (Vampire Enchanter)              Turns: 2294, Time: 00:05:47

Health: 0/19       AC:  5    Str:  7    XL:     3   Next: 89%
Magic:  6/6        EV: 12    Int: 17    God:
Gold:   105        SH:  5    Dex: 16    Spells: 6/6 levels left

rFire   . . .      SeeInvis +   a - +2 dagger
rCold   + + +      Faith    .   (no shield)
rNeg    + + +      Spirit   .   i - +2 leather armour {rC+}
rPois   ∞          Reflect  +   (no helmet)
rElec   .          Harm     .   (no cloak)
rCorr   .          Rampage  .   (no gloves)
Will    .....                   (no boots)
Stlth   +++++.....              f - amulet of reflection
HPRegen 0.00/turn               (no ring)
MPRegen 0.10/turn               (no ring)

@: bloodless, inhibited regen
A: bloodless, fangs 3, see invisible, vampiric 2
a: Bat Form, Revivify


You were on level 2 of the Dungeon.
You visited 1 branch of the dungeon, and saw 2 of its levels.

You collected 105 gold pieces.

Inventory:

Hand Weapons
 a - a +2 dagger (weapon)
Missiles
 h - 58 stones (quivered)
Armour
 i - a +2 leather armour of cold resistance (worn)
Jewellery
 f - an amulet of reflection (around neck)
Wands
 b - a wand of polymorph (2)
Scrolls
 e - a scroll of enchant weapon


   Skills:
 + Level 3.0 Short Blades
 + Level 3.6 Dodging
 - Level 4.4 Stealth
 - Level 2.0 Spellcasting
 - Level 4.4 Hexes


You had 6 spell levels left.
You didn't know any spells.
Your spell library contained the following spells:

 Spells                   Type           Power      Damage    Failure   Level
 Confusing Touch          Hex            16%        N/A       14%         3
 Tukima's Dance           Hex            16%        N/A       14%         3
 Ensorcelled Hibernation  Hex/Ice        18%        N/A       19%         2
 Dazzling Flash           Conj/Hex       18%        N/A       34%         3
 Conjure Flame            Conj/Fire      1%         6-21      65%         3
 Ignite Poison            Fire/Tmut/Pois 1%         N/A       65%         3
 Mephitic Cloud           Conj/Pois/Air  1%         N/A       65%         3
 Sticky Flame             Conj/Fire      1%         2d3       96%         4
 Alistair's Intoxication  Tmut/Pois      0%         N/A       100%        5
 Freezing Cloud           Conj/Ice/Air   0%         6-21      100%        5
 Lightning Bolt           Conj/Air       0%         1d11      100%        5


Dungeon Overview and Level Annotations

Branches:
Dungeon (2/15)

Altars:


Innate Abilities, Weirdness & Mutations

You do not regenerate when monsters are visible.
You are frail without blood (-20% HP).
You can heal yourself when you bite living creatures.
You are immune to poison.
You have razor-sharp teeth.
You have supernaturally acute eyesight. (SInv)
You are afflicted with vampirism and can become a bat while bloodless.


Message History

The adder bites you but does no damage.
Okay, then.
Okay, then.
As you read the scroll labelled BELALE OXOSM, it crumbles to dust.
It is a scroll of enchant armour.
Your +1 leather armour of cold resistance glows green for a moment.
The adder misses you. The gnoll closely misses you.
You block the adder's attack. The adder barely misses you.
The adder barely misses you. You block the adder's attack.
The gnoll hits you with a +0 whip. You block the adder's attack.
It was a potion of curing.
You feel better. The adder bites you but does no damage. The rat misses you.
The gnoll hits you with a +0 whip.
The gnoll shouts!
You hear a shout! x2
The rat bites you. You block the adder's attack. The rat misses you.
The gnoll closely misses you. The gnoll hits you but does no damage.
The gnoll hits you from afar with a +0 spear.
* * * LOW HITPOINT WARNING * * *
The adder bites you.
* * * LOW HITPOINT WARNING * * *
You block the adder's attack. The adder bites you but does no damage.
Found a stone staircase leading down.
Found a leather armour.
The adder barely misses you.
Found 21 stones.
The adder barely misses you.
You see here a +0 leather armour.
You see here 21 stones.
The adder misses you.
The rat twitches its whiskers.
The adder bites you but does no damage. The rat closely misses you.
You block the adder's attack. You block the rat's attack.
The adder barely misses you. The adder bites you.
You die...

#......#### #.....§#
#.....§# #.....§#
#########.....§#######
#..g..........§......#
#g.###r###.###§......#
#..#...S.#.# #.......#
#..#...@.#.# #.......#
#..........# #.......#
#(.#...>.#.###....!..#
#[.#.....#...g.......#
#..###.###..##########
#...........#
#..K........#
#############


You could see an adder and a rat.

Vanquished Creatures
  Jessica (D:2)
  2 dart slugs
  4 bats
  An endoplasm (D:2)
  7 goblins
  4 hobgoblins
  4 jackals (D:1)
  A quokka (D:2)
  2 frilled lizards (D:1)
  3 kobolds
  A rat (D:1)
30 creatures vanquished.

Notes
Turn   | Place    | Note
-------+----------+-------------------------------------------
     0 | D:1      | LynnLen the Vampire Enchanter began the quest for the Orb.
     0 | D:1      | Reached XP level 1. HP: 13/13 MP: 3/3
   347 | D:1      | Reached XP level 2. HP: 15/15 MP: 5/5
  1306 | D:1      | Found a faded altar of an unknown god.
  1624 | D:2      | Noticed Jessica
  1646 | D:2      | Killed Jessica
  1647 | D:2      | Gained mutation: You are afflicted with vampirism and can
                  | become a bat while bloodless. [Vampire growth]
  1647 | D:2      | Reached XP level 3. HP: 17/19 MP: 6/6
  2023 | D:2      | Got the Incunabulum of Virous Battle Magic
  2294 | D:2      | Slain by an adder

Illustrated notes

Levels and vault maps discovered:
D:1:      dpeg_arrival_circle_labyrinth_c, layout_loops_ring,
          shapermc_ecumenical_altar_petra
D:2:      layout_basic, st_stairs_3, uniq_jessica

Skill      XL: |  1  2  3 |
---------------+----------+-----
Short Blades   | 2 3 |  3.0
Dodging        | 3 |  3.6
Stealth        | |  4.4
Spellcasting   | |  2.0
Hexes          | |  4.4

Action                   || total
-------------------------++-------
Melee: Dagger            ||   118
       Bite              ||     7
       Punch             ||     2
 Abil: Exsanguinate      ||     1
  Use: Scroll            ||     3
       Potion            ||     2
 Stab: Sleeping          ||    14
Armor: Robe              ||    12
       Leather armour    ||    13
Dodge: Dodged            ||    94
Block: Other             ||    11
